 Dungeon Crawl Stone Soup version 0.18-a0-1764-gf4ddf0b (webtiles) character file.

5287 M4edhros the Slinger (level 10, -1/84 HPs)
             Began as an Ogre Wanderer on Apr 13, 2016.
             Was a Believer of Dithmenos.
             Slain by a wolf (6 damage)
             ... led by Grum
             ... on level 9 of the Dungeon.
             The game lasted 00:41:55 (13662 turns).

M4edhros the Slinger (Ogre Wanderer)               Turns: 13662, Time: 00:41:55

Health: -1/84      AC: 14    Str: 17 (20) XL:     10   Next: 63%
Magic:  13/18      EV: 11    Int: 11 (13) God:    Dithmenos [**....]
Gold:   412        SH:  0    Dex:  9 (11) Spells: 0 memorised, 19 levels left

rFire  . . .     SeeInvis .     N - +2 quarterstaff (protect)
rCold  + . .     Gourm    .     a - +2 robe
rNeg   . . .     Faith    .     (shield currently unavailable)
rPois  .         Spirit   .     (helmet restricted)
rElec  .         Dismiss  .     (no cloak)
rCorr  .         Reflect  .     (gloves unavailable)
SustAt .         Harm     .     (boots unavailable)
MR     +....                    J - amulet of inaccuracy (curse)
Stlth  +.........               E - +1 ring of protection
                                x - +2 ring of protection

@: wreathed by umbra, drained, somewhat resistant to hostile enchantments, very
unstealthy
A: unfitting armour, cold resistance 1, shaggy fur 1, strong 1, tough skin 1,
MP-powered wands
a: Shadow Step, Renounce Religion


You were on level 9 of the Dungeon.
You worshipped Dithmenos.
Dithmenos was pleased with you.
You were hungry.

You visited 1 branch of the dungeon, and saw 10 of its levels.

You collected 412 gold pieces.

Inventory:

Hand Weapons
 d - a +0 club
 e - a +2 hand axe of freezing
 r - a +0 whip of electrocution
 B - a +1 greatsling
 G - a +0 giant club
 H - a -1 war axe
 N - a +2 quarterstaff of protection (weapon)
 P - a +0 short sword of protection
Missiles
 g - 15 sling bullets
 j - 116 stones
 n - 7 tomahawks
 o - 2 exploding tomahawks (quivered)
 D - 16 silver sling bullets
Armour
 a - a +2 robe (worn)
Jewellery
 c - an uncursed ring of stealth
 m - an uncursed ring of stealth
 x - a +2 ring of protection (left hand)
 C - an uncursed ring of resist corrosion
 E - a +1 ring of protection (right hand)
 I - an uncursed amulet of guardian spirit
 J - a cursed amulet of inaccuracy (around neck)
 K - an uncursed amulet of magic regeneration
 Q - an uncursed ring of protection from cold
Wands
 p - a wand of paralysis (0/24)
 v - a wand of paralysis (0/24)
 O - a wand of slowing (11/48)
 R - a wand of iceblast (0/15)
Scrolls
 i - a scroll of noise
 u - 2 scrolls of identify
 w - a scroll of magic mapping
 y - a scroll of enchant armour
Potions
 s - a potion of cure mutation
 A - 2 potions of brilliance
Books
 b - the Almanac of Weightlessness

   Spells                             Type                      Level
   a - Shock                          Conjuration/Air              1
   b - Mephitic Cloud                 Conjuration/Poison/Air       3
 L - a book of Geomancy

   Spells                             Type                      Level
   a - Sandblast                      Earth                        1
   b - Passwall                       Transmutation/Earth          2
   c - Stone Arrow                    Conjuration/Earth            3
   d - Petrify                        Transmutation/Earth          4
   e - Lee's Rapid Deconstruction     Earth                        5
 S - the Compendium of the Glacier

   Spells                             Type                      Level
   a - Throw Frost                    Conjuration/Ice              2
   b - Ensorcelled Hibernation        Hexes/Ice                    2
Miscellaneous
 q - an ornate deck of changes {drawn: 3}
Comestibles
 f - 5 bread rations
 k - 2 meat rations
 t - 10 royal jellies
 z - 6 fruits
 M - a slice of pizza


   Skills:
 - Level 1.3(0.6) Fighting
 + Level 6.9(6.1) Maces & Flails
 + Level 8.8(8.0) Slings
 - Level 1.0(6.4) Throwing
 - Level 6.0(5.2) Dodging
 - Level 5.4(4.6) Spellcasting
   Level 1.3(0.7) Charms
   Level 2.1(1.5) Ice Magic
 - Level 3.1(2.4) Evocations


You had 19 spell levels left.
You didn't know any spells.

Dungeon Overview and Level Annotations

Branches:
Dungeon (10/15)            Temple (0/1) D:6            Lair (0/8) D:9
    Orc: D:9-12

Altars:
Dithmenos
Fedhas
Kikubaaqudgha
Nemelex Xobeh
Okawaru
Qazlal
Ru
Sif Muna
Trog

Shops:
D:7 %   D:9 *

Annotations:
D:5 Sigmund
D:10 Erolcha, Grum


Innate Abilities, Weirdness & Mutations

You are too large for most types of armour.
You have tough skin (AC +1).
Your flesh is cold resistant.
You are covered in fur (AC +1).
Your muscles are strong. (Str +2)
You expend magic power (3 MP) to strengthen your wands.


Message History

The wolf closely misses you.
The wolf is no longer moving slowly.
The wolf barely misses you.
Evoke which item? (* to show all) (? for menu, Esc to quit)
Zapping:
O - a wand of slowing (11/48)
Press: ? - help, Shift-Dir - straight line, f/p - wolf
Aim: a wolf (umbra, chance to defeat MR: 68%)
Okay, then.
The wolf misses you. The wolf bites you!
* * * LOW HITPOINT WARNING * * *
The wolf completely misses you.
There is a stone staircase leading up here.
Read which item? (? for menu, Esc to quit)
As you read the scroll of torment, it crumbles to dust.
Your body is wracked with pain!
* * * LOW HITPOINT WARNING * * *
The wolf convulses! x2; The ogre convulses!
The worker ant convulses!
The wolf bites you.
You die...

##...........#.....#...##.####...
##...........'.....'........#....
#......##....#.....#........'....
#......##....#a....#........#....
#....a.a'O...#O....#........# ...
##......#....#.....#...##.### ..
##......#....#.....######.># .
##.....##...##.hh..# ..#..
#########...#...@..# ...#....
........#...#......# ....# .....
........'...#......# .....# .....
........#...'......#......' ....
........#...#......#......# z...
........#...#......#
#############......# ########


You could see an ogre, 2 wolves and a worker ant.

Vanquished Creatures
  Maurice (D:8)
  2 trolls (D:9)
  Grinder (D:6)
  A shadow (D:9)
  A hippogriff (D:6)
  2 water moccasins
  2 orc warriors (D:7)
  4 ice beasts
  3 sky beasts
  A phantom (D:7)
  2 wasps (D:9)
  An ogre (D:6)
  2 big kobolds (D:7)
  4 giant frogs
  A scorpion (D:4)
  5 killer bees (D:7)
  3 wights (D:9)
  4 jellies (D:8)
  A howler monkey (D:7)
  6 crimson imps
  5 hounds
  5 orc priests
  2 centaur skeletons
  3 giant frog skeletons (D:4)
  Ijyb (D:2)
  Natasha (twice) (D:2)
  4 iguanas
  8 orc wizards
  11 worker ants
  A hound zombie (D:7)
  2 hound skeletons
  A howler monkey zombie (D:6)
  A worker ant zombie (D:9)
  5 gnolls
  14 adders
  3 shadow imps
  5 oozes (D:8)
  2 adder skeletons
  2 worms
  6 dart slugs
  8 giant geckos
  19 orcs
  4 giant cockroaches
  4 goblins
  16 hobgoblins
  5 jackals
  15 kobolds
  3 quokkas
  3 ball pythons
  9 bats
  5 giant newts
  A jackal skeleton (D:6)
  4 rats
226 creatures vanquished.

Vanquished Creatures (others)
  An orc wizard (D:6)
1 creature vanquished.

Grand Total: 227 creatures vanquished

Notes
Turn   | Place    | Note
--------------------------------------------------------------
     0 | D:1      | M4edhros the Ogre Wanderer began the quest for the Orb.
     0 | D:1      | M4edhros set off with: a +2 robe, the Almanac of Weightlessness, the Compendium of the Glacier, a +0 club, a bread ration
     0 | D:1      | Reached XP level 1. HP: 19/19 MP: 1/1
     0 | D:1      | Identified the Almanac of Weightlessness
     0 | D:1      | Identified the Compendium of the Glacier
   118 | D:1      | Reached skill level 1 in Spellcasting
   174 | D:1      | Reached XP level 2. HP: 22/27 MP: 4/4
   841 | D:2      | Reached XP level 3. HP: 32/33 MP: 5/7
  1036 | D:2      | Reached XP level 4. HP: 37/41 MP: 9/9
  1043 | D:2      | Noticed Natasha
  1053 | D:2      | Killed Natasha
  1337 | D:2      | Noticed Ijyb
  1338 | D:2      | Noticed Natasha
  1363 | D:2      | Killed Ijyb
  1363 | D:2      | Reached XP level 5. HP: 37/48 MP: 12/12
  1368 | D:2      | Killed Natasha
  1368 | D:2      | Reached skill level 5 in Spellcasting
  1918 | D:3      | Reached XP level 6. HP: 41/55 MP: 14/14
  1971 | D:3      | Gained mutation: You are covered in fur (AC +1). [potion of mutation]
  1971 | D:3      | Gained mutation: Your body sometimes deteriorates upon taking damage. [potion of mutation]
  1971 | D:3      | Gained mutation: Your muscles are strong. (Str +2) [potion of mutation]
  2350 | D:3      | Found a deep blue altar of Sif Muna.
  2999 | D:4      | Noticed a sky beast
  3037 | D:4      | Killed a sky beast
  3037 | D:4      | Reached XP level 7. HP: 54/62 MP: 15/15
  3144 | D:4      | Found a sacrificial altar of Ru.
  3869 | D:4      | Reached skill level 5 in Dodging
  4787 | D:4      | Found a stormy altar of Qazlal.
  4810 | D:4      | Reached XP level 8. HP: 50/70 MP: 16/16
  4960 | D:4      | Found an ancient bone altar of Kikubaaqudgha.
  4963 | D:4      | Found a shadowy altar of Dithmenos.
  4966 | D:4      | Found a sparkling altar of Nemelex Xobeh.
  4972 | D:4      | Became a worshipper of Dithmenos the Shadowed
  5009 | D:5      | Entered Level 5 of the Dungeon
  5064 | D:5      | Found a bloodstained altar of Trog.
  5220 | D:5      | Noticed Sigmund
  5409 | D:6      | Reached skill level 1 in Slings
  5862 | D:5      | Found a blossoming altar of Fedhas.
  6011 | D:5      | Reached skill level 2 in Slings
  6139 | D:5      | You fall through a shaft for 3 floors!
  6222 | D:7      | Reached skill level 3 in Slings
  6453 | D:7      | Paralysed by a crimson imp for 3 turns
  6654 | D:6      | Reached skill level 4 in Slings
  6664 | D:6      | Reached * piety under Dithmenos
  6664 | D:6      | Reached XP level 9. HP: 24/76 MP: 17/17
  6951 | D:6      | Reached skill level 5 in Slings
  7543 | D:6      | Found a staircase to the Ecumenical Temple.
  7571 | D:6      | Noticed Grinder
  7591 | D:6      | Killed Grinder
  7591 | D:6      | Reached skill level 6 in Slings
  7975 | D:5      | Found an iron altar of Okawaru.
  8490 | D:7      | Found Zius's Food Shop.
  8845 | D:7      | Reached skill level 7 in Slings
  8858 | D:7      | Reached ** piety under Dithmenos
  9770 | D:8      | Noticed Maurice
 10183 | D:8      | Reached skill level 1 in Maces & Flails
 10230 | D:8      | Reached XP level 10. HP: 15/84 MP: 18/18
 10901 | D:8      | Reached skill level 8 in Slings
 11336 | D:8      | Killed Maurice
 11368 | D:9      | Found a staircase to the Lair.
 11758 | D:9      | Found Zaetota's General Store.
 11839 | D:9      | Reached skill level 5 in Maces & Flails
 13064 | D:9      | Gained mutation: Your flesh is cold resistant. [mutagenic meat]
 13065 | D:9      | Gained mutation: You expend magic power (3 MP) to strengthen your wands. [mutagenic meat]
 13067 | D:9      | Lost mutation: Your body sometimes deteriorates upon taking damage. [mutagenic meat]
 13542 | D:10     | Entered Level 10 of the Dungeon
 13542 | D:10     | Noticed Erolcha
 13543 | D:10     | Noticed Norbak
 13608 | D:10     | Noticed Grum
 13662 | D:9      | Slain by a wolf

Vault maps used:
D:1:      scummos_arrival_hexagon
D:2:      grunt_ministairs_14, bh_walls_and_bars, uniq_iyjb, uniq_natasha
D:3:      led_sif_pool, kennysheep_crisscross
D:4:      grunt_temple_overflow_diamond, kennysheep_mini,
          nicolae_ru_great_annihilating_truth
D:5:      kennysheep_mini_moat, first_bread, hangedman_feature_mirror,
          minmay_misc_feat_chi, uniq_sigmund
D:6:      minmay_temple_entry_trees, uniq_grinder
D:7:      serial_shops, nicolae_shop_waterfront, sigmund_army
D:8:      hangedman_little_slice_of_home, uniq_maurice
D:9:      lair_0_dummy, serial_shops, shop, special_room
D:10:     uniq_erolcha, uniq_grum

Skill      XL: |  1  2  3  4  5  6  7  8  9 10 |
---------------+-------------------------------+-----
Spellcasting   | 1 3 4 5 |  5.4
Evocations     | 2 3 |  3.1
Dodging        | 3 5 6 |  6.0
Slings         | 4 7 8 |  8.8
Maces & Flails | 2 6 |  6.9
Fighting       | |  1.3
Throwing       | |  1.0
Charms         | |  1.3
Ice Magic      | |  2.1

Action                   |  1- 3 |  4- 6 |  7- 9 | 10-12 || total
-------------------------+-------+-------+-------+-------++-------
Melee: Hand axe          |    61 |   103 |    39 |     7 ||   210
       Short sword       |       |    63 |   535 |       ||   598
       Whip              |       |       |    58 |    63 ||   121
       Quarterstaff      |       |       |       |    44 ||    44
 Fire: Greatsling        |       |       |   344 |   283 ||   627
Throw: Tomahawk          |       |       |     6 |       ||     6
       Stone             |       |       |     1 |       ||     1
Evoke: Club              |       |       |    24 |    24 ||    48
       Hammer            |       |       |       |     3 ||     3
  Use: Potion            |       |     9 |     4 |     4 ||    17
       Scroll            |       |       |    19 |     4 ||    23
 Stab: Sleeping          |     3 |     7 |     3 |     2 ||    15
       Paralysed         |       |       |    39 |    13 ||    52
       Invisible         |       |       |     2 |       ||     2
  Eat: Chunk             |       |     7 |    19 |    10 ||    36
       Beef jerky        |       |       |     1 |     1 ||     2
       Royal jelly       |       |       |     1 |       ||     1
       Meat ration       |       |       |       |     1 ||     1
Armor: Robe              |    38 |    79 |   422 |   108 ||   647
Dodge: Dodged            |    33 |   101 |   529 |   230 ||   893
